 Dungeon Crawl Stone Soup version 0.21-a0-329-g12f17e1 (webtiles) character file.

29 namelastname112 the Scratcher (level 3, 0/15 HPs)
             Began as a Felid Wanderer on Oct 2, 2017.
             Slain by a worm (7 damage)
             ... on level 2 of the Dungeon.
             The game lasted 00:01:38 (1110 turns).

namelastname112 the Scratcher (Felid Wanderer)      Turns: 1110, Time: 00:01:39

Health: 0/15       AC:  1    Str: 10    XL:     3   Next: 1%
Magic:  4/4        EV: 17    Int: 12    God:
Gold:   71         SH:  0    Dex: 15    Spells: 2/2 levels left
                                        Lives:  0   Deaths: 0

rFire    . . .     SeeInvis +     - Unarmed
rCold    . . .     Gourm    .   (shield unavailable)
rNeg     . . .     Faith    .   (armour unavailable)
rPois    .         Spirit   .   (helmet unavailable)
rElec    .         Reflect  .   (cloak unavailable)
rCorr    .         Harm     .   (gloves unavailable)
MR       .....                  (boots unavailable)
Stlth    ++........             (no amulet)
HPRegen  0.05/turn              j - ring of loudness (curse)
MPRegen  0.09/turn              (no ring)

@: quick
A: no armour, no weapons or thrown items, stealth, claws 1, fangs 3, see
invisible, carnivore 3, speed 1, shaggy fur 1, slow metabolism 1, sharp paws
a: no special abilities


You were on level 2 of the Dungeon.
You were not hungry.

You visited 1 branch of the dungeon, and saw 2 of its levels.

You collected 71 gold pieces.

Inventory:

Jewellery
 j - a cursed ring of loudness (left paw)
Scrolls
 b - 2 scrolls of blinking
 g - 2 scrolls of remove curse {unknown}
 m - a scroll of enchant weapon {unknown}
Potions
 a - a potion of berserk rage
 c - a potion of curing
 d - a potion of lignification
 e - a potion of ambrosia {unknown}
 i - 3 potions of haste {unknown}
 k - 2 potions of might {unknown}
 l - a potion of flight {unknown}
Comestibles
 f - 2 meat rations
 h - 2 royal jellies


   Skills:
 + Level 1.5 Fighting
 + Level 2.3 Dodging
 + Level 3.3 Stealth
 + Level 5.2 Unarmed Combat
   Level 1.1 Evocations


You had 2 spell levels left.
You didn't know any spells.

Dungeon Overview and Level Annotations

Branches:
Dungeon (2/15)

Altars:
Nemelex Xobeh
Wu Jian


Innate Abilities, Weirdness & Mutations

You cannot wear armour.
You are incapable of wielding weapons or throwing items.
Your paws allow you to move quietly. (Stealth)
You have sharp claws.
You have razor-sharp teeth.
You have supernaturally acute eyesight. (SInv)
You are carnivorous and can eat meat at any time.
You cover ground quickly.
You are covered in fur. (AC +1)
You have a slow metabolism.
Your sharp claws are effective at attacking unaware monsters.


Message History

You take 7 damage, and have 7/15 hp.
MASSIVE DAMAGE!!
You are too injured to fight recklessly!
You are too injured to fight recklessly!
You are too injured to fight recklessly!
You are too injured to fight recklessly!
You are too injured to fight recklessly!
You are too injured to fight recklessly!
You are too injured to fight recklessly!
You are too injured to fight recklessly!
You are too injured to fight recklessly!
You are too injured to fight recklessly!
You are too injured to fight recklessly!
You are too injured to fight recklessly!
You are too injured to fight recklessly!
You are too injured to fight recklessly!
You are too injured to fight recklessly!
You claw the worm!
The worm is severely wounded.
The worm bites you!
You die...

... #..... #.#
.#####...# #.#
.......... #.#
#####..## ####.###
#..# #......# #..##
#.#..#.# ##...<
#.#.##.## ##.....
#.@.....# ##......
#.w.....####.......
#.#........'.......
#.#.#...####...†...
#.#.....# ##......
#>###.#.# ##.....
#. #.#.# ##...# #.
#.#.# ##+## ....#
#.#


You could see a worm.

Vanquished Creatures
  2 dart slugs (D:1)
  2 giant cockroaches (D:1)
  5 goblins
  3 hobgoblins
  A kobold (D:2)
  2 ball pythons (D:1)
  5 bats
  2 frilled lizards (D:1)
  2 rats (D:2)
24 creatures vanquished.

Notes
Turn   | Place    | Note
-------+----------+-------------------------------------------
     0 | D:1      | namelastname112 the Felid Wanderer began the quest for the Orb.
     0 | D:1      | namelastname112 set off with: a potion of berserk rage, a scroll of blinking, a potion of curing, a potion of lignification, a meat ration
     0 | D:1      | Reached XP level 1. HP: 9/9 MP: 2/2
    87 | D:1      | Reached XP level 2. HP: 9/12 MP: 3/3
   791 | D:1      | Found a sparkling altar of Nemelex Xobeh.
   951 | D:2      | Found an ornate altar of the Wu Jian Council.
  1020 | D:2      | Reached XP level 3. HP: 15/15 MP: 4/4
  1110 | D:2      | Slain by a worm

Vault maps used:
D:1:      dpeg_arrival_short_road, nrook_mini_vaults,
          minmay_misc_feat_nine_boxes, nemelex_diamond_rough_becter
D:2:      lemuel_round_altar

Skill      XL: |  1  2 |
---------------+-------+-----
Stealth        | 3 |  3.3
Dodging        | 2 |  2.3
Fighting       | |  1.5
Unarmed Combat | |  5.2
Evocations     | |  1.1

Action                   || total
-------------------------++-------
Melee: Unarmed           ||    51
       Bite              ||     3
  Use: Scroll            ||     2
 Stab: Sleeping          ||     5
  Eat: Chunk             ||     3
Armor: Skin              ||     1
Dodge: Dodged            ||    30

Table legend:
 A = Spawn XP
 B = Non-spawn XP
 C = Spawn XP percentage of total XP
 D = Spawn monster count
 E = Non-spawn monster count
 F = Spawn count percentage of total count
 G = Total turns spent on level
                    A         B        C        D         E        F      G
               +---------+---------+-------+---------+---------+-------+---------
         Total |       0 |      42 |   0.0 |       0 |      24 |   0.0 |  1110
               +---------+---------+-------+---------+---------+-------+---------
           D:1 |       0 |      32 |   0.0 |       0 |      17 |   0.0 |   872
           D:2 |       0 |      10 |   0.0 |       0 |       7 |   0.0 |   238
               +---------+---------+-------+---------+---------+-------+---------
